Los Angeles Kings vs Arizona Coyotes
Created - Monday, April 24, 2023 at 11:28
Goals
|
| Los Angeles Kings |
0 |
1 |
0 |
1 |
| Arizona Coyotes |
0 |
3 |
1 |
4 |
|
Shots
|
| Los Angeles Kings |
11 |
12 |
7 |
30 |
| Arizona Coyotes |
5 |
20 |
5 |
30 |
|
1st period
No Goal
Penalties :
Jani Hakanpaa (AZC) for Holding (Minor) at 11:59, Mathew Dumba (AZC) for Interference (Minor) at 14:52
2nd period
1. Arizona Coyotes , Erik Haula 3 (Brayden McNabb 18, Dmitry Orlov 10) at 0:32
2. Los Angeles Kings , Seth Jarvis 10 (Alexander Radulov 13) at 3:43
3. Arizona Coyotes , Ondrej Palat 11 (Tyler Seguin 10, Ilya Mikheyev 8) at 7:04
4. Arizona Coyotes , Mats Zuccarello 23 (Claude Giroux 34, Brayden McNabb 19) at 8:45 (PP)
Penalties :
Alexander Radulov (LAK) for Hooking (Minor) at 7:52, Alexander Radulov (LAK) for Roughing (Minor) at 18:44
3rd period
5. Arizona Coyotes , Claude Giroux 20 (Mats Zuccarello 32, Charlie Coyle 12) at 11:16
Penalties :
Ilya Mikheyev (AZC) for Holding (Minor) at 2:34, Mathew Dumba (AZC) for Interference (Minor) at 14:36, Cooper Marody (LAK) for Holding (Minor) at 17:12
Goalie Stats
John Gibson (LAK), 26 saves from 30 shots - (0.867), L, 10-10-1, 60:00 minutes
Elvis Merzlikins (AZC), 29 saves from 30 shots - (0.967), W, 7-8-1, 60:00 minutes
Players Stats for Los Angeles Kings
Player Name G A P +/- PIM S H SB GA TA FO MP PP MP PK MP
------------------------------------------------------------------------------------
Alexander Radulov 0 1 1 -1 4 1 1 0 1 0 0/0 18:19 3:49 0:00
Andrei Svechnikov 0 0 0 0 0 3 3 0 1 0 1/3 9:24 1:50 0:13
Cooper Marody 0 0 0 0 2 1 0 1 0 0 3/5 7:48 0:00 0:00
Dominik Kubalik 0 0 0 -1 0 4 1 1 0 0 0/2 20:44 3:49 2:24
Erik Brannstrom 0 0 0 -2 0 1 0 2 0 1 0/0 22:56 4:00 2:47
Evan Polei 0 0 0 0 0 0 1 0 0 2 1/2 12:52 1:29 0:00
Jakub Zboril 0 0 0 0 0 0 1 1 0 0 0/0 14:46 0:00 0:00
K'Andre Miller 0 0 0 0 0 1 0 0 0 1 0/0 22:18 3:56 2:04
Kirby Dach 0 0 0 0 0 0 1 1 1 0 2/2 19:40 3:58 2:40
Mike Matheson 0 0 0 -2 0 1 2 1 0 1 0/0 22:56 4:00 2:47
Nicklas Backstrom 0 0 0 0 0 3 1 0 1 0 8/13 20:04 3:58 2:24
Noah Dobson 0 0 0 0 0 3 0 2 1 0 0/0 22:18 3:56 2:04
Peyton Krebs 0 0 0 -1 0 4 1 0 1 0 3/10 13:49 0:48 0:15
Rasmus Sandin 0 0 0 0 0 0 1 2 0 1 0/0 14:46 0:00 0:00
Ryan Reaves 0 0 0 -1 0 2 1 0 0 0 1/1 14:54 0:09 1:43
Seth Jarvis 1 0 1 -1 0 3 1 0 0 0 9/26 17:41 3:49 0:00
Tyler Gaudet 0 0 0 -1 0 2 1 0 0 1 0/1 12:15 0:09 0:03
Vitaly Kravtsov 0 0 0 0 0 1 0 0 0 0 0/0 7:36 0:00 0:00
Players Stats for Arizona Coyotes
Player Name G A P +/- PIM S H SB GA TA FO MP PP MP PK MP
------------------------------------------------------------------------------------
Brayden McNabb 0 2 2 0 0 1 1 2 0 0 0/0 21:57 2:06 3:14
Charlie Coyle 0 1 1 0 0 2 2 0 0 1 2/2 20:51 3:19 2:31
Claude Giroux 1 1 2 0 0 7 4 0 0 2 24/45 23:10 3:19 4:30
Dmitry Orlov 0 1 1 0 0 3 0 2 0 0 0/0 21:56 2:06 3:47
Erik Haula 1 0 1 1 0 2 2 0 0 0 0/0 9:59 0:08 0:00
Ilya Mikheyev 0 1 1 1 2 0 2 1 0 0 0/0 16:11 1:24 0:31
James van Riemsdyk 0 0 0 1 0 1 1 0 0 0 1/1 9:59 0:08 0:00
Jani Hakanpaa 0 0 0 0 2 0 0 1 0 1 0/0 13:53 0:00 1:55
Jared Spurgeon 0 0 0 2 0 0 1 3 1 2 0/0 27:02 2:45 4:42
Mathew Dumba 0 0 0 2 4 1 1 1 0 0 0/0 24:46 2:45 2:14
Mats Zuccarello 1 1 2 0 0 6 1 0 1 0 1/1 23:04 3:19 4:23
Matthew Nieto 0 0 0 0 0 0 0 0 1 0 0/0 8:48 0:08 0:42
Ondrej Palat 1 0 1 1 0 3 1 0 2 0 1/1 17:35 1:24 2:11
Radko Gudas 0 0 0 0 0 2 2 0 0 0 0/0 11:01 0:00 0:00
Rocco Grimaldi 0 0 0 0 0 0 0 0 1 0 0/0 7:43 0:00 0:00
Ross Colton 0 0 0 0 0 1 0 0 0 0 3/6 7:43 0:00 0:00
Tanner Jeannot 0 0 0 1 0 0 1 0 0 0 0/0 10:58 0:00 1:04
Tyler Seguin 0 1 1 1 0 1 0 0 1 0 5/9 15:24 1:24 0:00
3 Stars
1 - Claude Giroux (AZC)
2 - Elvis Merzlikins (AZC)
3 - Mats Zuccarello (AZC)
Power Play
Los Angeles Kings - 0 on 4 Attempt(s) - 0.00%
Arizona Coyotes - 1 on 3 Attempt(s) - 33.33%
Penalty Kill
Los Angeles Kings - 2 on 3 Attempt(s) - 66.67%
- Score 0 goal in Penalty Kill
Arizona Coyotes - 4 on 4 Attempt(s) - 100.00%
- Score 0 goal in Penalty Kill
Team Stat
Los Angeles Kings - Hits : 16 - Faceoff Wins : 28 - Blocked Shots : 11 - Penalty Minutes : 6
Arizona Coyotes - Hits : 19 - Faceoff Wins : 37 - Blocked Shots : 10 - Penalty Minutes : 8
Official
Referees : Dave Jackson and Tom Chmielewski
Linesman : Brandon Gawryletz and Bryan Pancich
Game Notes
3:43 of 2nd period - Los Angeles Kings goal is going for a video replay. After video review, Goal.
Andrei Svechnikov is injured at 9:32 of 2nd period (Right Foot)
Finance
Level 1 -- Attendance: 5463 (91.05%) -- Ticket Income $524,448
Level 2 -- Attendance: 4316 (86.32%) -- Ticket Income $250,328
Level 3 -- Attendance: 3000 (100.00%) -- Ticket Income $96,000
Level 4 -- Attendance: 4693 (93.86%) -- Ticket Income $103,246
Luxury Box -- Attendance: 932 (93.20%) -- Ticket Income $181,740
Game was played at the Gila River Arena.
Total Attendance: 18404 (92.02%)
Total Ticket Income: $1,155,762
Other Income: $404,517
Total Income: $1,560,279
Los Angeles Kings
5 vs 5 Forward
Center Left Wing Right Wing Time % Phy DF OF
1 Nicklas Backstrom Andrei Svechnikov Kirby Dach 30 1 2 2
2 Seth Jarvis Dominik Kubalik Alexander Radulov 30 1 2 2
3 Peyton Krebs Tyler Gaudet Ryan Reaves 25 1 2 2
4 Cooper Marody Vitaly Kravtsov Evan Polei 15 1 2 2
5 vs 5 Defense
Defense Defense Time % Phy DF OF
1 Noah Dobson K'Andre Miller 35 1 2 2
2 Mike Matheson Erik Brannstrom 35 1 2 2
3 Jakub Zboril Rasmus Sandin 30 1 2 2
4 Noah Dobson K'Andre Miller 0 1 2 2
PowerPlay Forward
Center Left Wing Right Wing Time % Phy DF OF
1 Nicklas Backstrom Andrei Svechnikov Kirby Dach 50 1 2 2
2 Seth Jarvis Dominik Kubalik Alexander Radulov 50 1 2 2
PowerPlay Defense
Defense Defense Time % Phy DF OF
1 Noah Dobson K'Andre Miller 50 1 2 2
2 Mike Matheson Erik Brannstrom 50 1 2 2
Penalty Kill 4 Players Forward
Center Wing Time % Phy DF OF
1 Andrei Svechnikov Nicklas Backstrom 50 1 2 2
2 Kirby Dach Dominik Kubalik 50 1 2 2
Penalty Kill 4 Players Defense
Defense Defense Time % Phy DF OF
1 Noah Dobson K'Andre Miller 50 1 2 2
2 Mike Matheson Erik Brannstrom 50 1 2 2
Penalty Kill - 3 Players Forward
Forward Time % Phy DF OF
1 Andrei Svechnikov 50 1 2 2
2 Nicklas Backstrom 50 1 2 2
Penalty Kill - 3 Players Defense
Defense Defense Time % Phy DF OF
1 Noah Dobson K'Andre Miller 50 1 2 2
2 Mike Matheson Erik Brannstrom 50 1 2 2
4 vs 4 Forward
Center Wing Time % Phy DF OF
1 Andrei Svechnikov Nicklas Backstrom 50 1 2 2
2 Kirby Dach Dominik Kubalik 50 1 2 2
4 vs 4 Defense
Defense Defense Time % Phy DF OF
1 Noah Dobson K'Andre Miller 50 1 2 2
2 Mike Matheson Erik Brannstrom 50 1 2 2
Last Minutes Offensive
Center Left Wing Right Wing Defense Defense
Nicklas Backstrom Andrei Svechnikov Kirby Dach Noah Dobson K'Andre Miller
Last Minutes Defensive
Center Left Wing Right Wing Defense Defense
Nicklas Backstrom Andrei Svechnikov Kirby Dach Noah Dobson K'Andre Miller
Goaltenders
Starting : John Gibson
Backup : Jonas Johansson
Extra Forwards
Normal : Evan Polei, Peyton Krebs, Ryan Reaves - PP : Evan Polei, Peyton Krebs - PK : Ryan Reaves
Extra Defensemen
Normal : Jakub Zboril, Rasmus Sandin, Mike Matheson - PP : Jakub Zboril - PK : Rasmus Sandin, Mike Matheson
Penalty Shots
Andrei Svechnikov, Nicklas Backstrom, Kirby Dach, Dominik Kubalik, Alexander Radulov
Arizona Coyotes
5 vs 5 Forward
Center Left Wing Right Wing Time % Phy DF OF
1 Claude Giroux Mats Zuccarello Charlie Coyle 40 0 1 4
2 Tyler Seguin Ondrej Palat Ilya Mikheyev 30 0 1 4
3 Erik Haula James van Riemsdyk Tanner Jeannot 20 0 1 4
4 Ross Colton Rocco Grimaldi Matthew Nieto 10 0 3 2
5 vs 5 Defense
Defense Defense Time % Phy DF OF
1 Mathew Dumba Jared Spurgeon 40 0 2 3
2 Brayden McNabb Dmitry Orlov 30 0 2 3
3 Radko Gudas Jani Hakanpaa 20 1 3 1
4 Mathew Dumba Jared Spurgeon 10 0 2 3
PowerPlay Forward
Center Left Wing Right Wing Time % Phy DF OF
1 Claude Giroux Mats Zuccarello Charlie Coyle 60 0 0 5
2 Tyler Seguin Ondrej Palat Ilya Mikheyev 40 0 0 5
PowerPlay Defense
Defense Defense Time % Phy DF OF
1 Mathew Dumba Jared Spurgeon 60 0 2 3
2 Brayden McNabb Dmitry Orlov 40 0 2 3
Penalty Kill 4 Players Forward
Center Wing Time % Phy DF OF
1 Claude Giroux Mats Zuccarello 60 1 2 2
2 Charlie Coyle Ondrej Palat 40 1 2 2
Penalty Kill 4 Players Defense
Defense Defense Time % Phy DF OF
1 Mathew Dumba Jared Spurgeon 60 1 3 1
2 Brayden McNabb Dmitry Orlov 40 1 3 1
Penalty Kill - 3 Players Forward
Forward Time % Phy DF OF
1 Claude Giroux 60 1 2 2
2 Mats Zuccarello 40 1 2 2
Penalty Kill - 3 Players Defense
Defense Defense Time % Phy DF OF
1 Mathew Dumba Jared Spurgeon 60 1 3 1
2 Brayden McNabb Dmitry Orlov 40 1 3 1
4 vs 4 Forward
Center Wing Time % Phy DF OF
1 Claude Giroux Mats Zuccarello 60 1 2 2
2 Charlie Coyle Ondrej Palat 40 1 2 2
4 vs 4 Defense
Defense Defense Time % Phy DF OF
1 Mathew Dumba Jared Spurgeon 60 1 2 2
2 Brayden McNabb Dmitry Orlov 40 1 2 2
Last Minutes Offensive
Center Left Wing Right Wing Defense Defense
Claude Giroux Mats Zuccarello Charlie Coyle Mathew Dumba Jared Spurgeon
Last Minutes Defensive
Center Left Wing Right Wing Defense Defense
Claude Giroux Mats Zuccarello Charlie Coyle Mathew Dumba Jared Spurgeon
Goaltenders
Starting : Elvis Merzlikins
Backup : Kaapo Kahkonen
Extra Forwards
Normal : James van Riemsdyk, Erik Haula, Tanner Jeannot - PP : James van Riemsdyk, Erik Haula - PK : Tanner Jeannot
Extra Defensemen
Normal : Radko Gudas, Jani Hakanpaa, Brayden McNabb - PP : Radko Gudas - PK : Jani Hakanpaa, Brayden McNabb
Penalty Shots
Claude Giroux, Mats Zuccarello, Charlie Coyle, Ondrej Palat, Tyler Seguin
% Time on Ice - Los Angeles Kings
Lines # - Real PCT - Wanted PCT - Time Play
Normal Forward
1 - 29% - 30% - 13:55
2 - 29% - 30% - 13:52
3 - 25% - 25% - 11:50
4 - 16% - 15% - 7:36
Normal Defense
1 - 35% - 35% - 16:18
2 - 34% - 35% - 16:09
3 - 31% - 30% - 14:46
4 - 0% - 0% - 0:00
PP Forward
1 - 52% - 50% - 4:07
2 - 48% - 50% - 3:49
PP Defense
1 - 50% - 50% - 3:56
2 - 50% - 50% - 4:00
PK Forward
1 - 60% - 50% - 2:56
2 - 40% - 50% - 1:55
PK Defense
1 - 43% - 50% - 2:04
2 - 57% - 50% - 2:47
PK3 Forward
1 - 0% - 50%
2 - 0% - 50%
PK3 Defense
1 - 0% - 50%
2 - 0% - 50%
44 Forward
1 - 0% - 50%
2 - 0% - 50%
44 Defense
1 - 0% - 50%
2 - 0% - 50%
Last Minute Offensive - 0:00
Last Minute Defensive - 0:00
Total
Forward - 60:00
Defense - 60:00
|
% Time on Ice - Arizona Coyotes
Lines # - Real PCT - Wanted PCT - Time Play
Normal Forward
1 - 34% - 40% - 15:51
2 - 30% - 30% - 14:00
3 - 20% - 20% - 9:39
4 - 16% - 10% - 7:43
Normal Defense
1 - 38% - 40% - 18:09
2 - 34% - 30% - 16:03
3 - 23% - 20% - 11:01
4 - 4% - 10% - 2:00
PP Forward
1 - 71% - 60% - 3:27
2 - 29% - 40% - 1:24
PP Defense
1 - 57% - 60% - 2:45
2 - 43% - 40% - 2:06
PK Forward
1 - 72% - 60% - 5:45
2 - 28% - 40% - 2:11
PK Defense
1 - 61% - 60% - 4:48
2 - 39% - 40% - 3:08
PK3 Forward
1 - 0% - 60%
2 - 0% - 40%
PK3 Defense
1 - 0% - 60%
2 - 0% - 40%
44 Forward
1 - 0% - 60%
2 - 0% - 40%
44 Defense
1 - 0% - 60%
2 - 0% - 40%
Last Minute Offensive - 0:00
Last Minute Defensive - 0:00
Total
Forward - 60:00
Defense - 60:00
|
Play-by-Play
1st period
0:01 of 1st period - Claude Giroux wins face-off versus Nicklas Backstrom in neutral zone.
0:06 of 1st period - Slapshot by Mats Zuccarello.
0:06 of 1st period - Shot Misses the Net.
0:20 of 1st period - Mathew Dumba is hit by Andrei Svechnikov.
1:02 of 1st period - Snap shot by Tanner Jeannot.
1:02 of 1st period - Deflect By Erik Haula.
1:02 of 1st period - Shot Blocked by Mike Matheson.
1:02 of 1st period - Puck is out of play.
1:03 of 1st period - Cooper Marody wins face-off versus Ross Colton in Los Angeles Kings zone.
1:28 of 1st period - Brayden McNabb is hit by Dominik Kubalik and loses puck.
1:37 of 1st period - Slapshot by Alexander Radulov.
1:37 of 1st period - Shot Blocked by Dmitry Orlov.
1:39 of 1st period - Wrist shot by Seth Jarvis.
1:39 of 1st period - Stopped by Elvis Merzlikins with a rebound.
2:34 of 1st period - Icing by Rasmus Sandin.
2:35 of 1st period - Ross Colton wins face-off versus Cooper Marody in Los Angeles Kings zone.
3:00 of 1st period - Jakub Zboril is hit by Claude Giroux and loses puck.
4:21 of 1st period - Slapshot by Dominik Kubalik.
4:21 of 1st period - Stopped by Elvis Merzlikins without a rebound.
4:22 of 1st period - Tyler Seguin wins face-off versus Peyton Krebs in Arizona Coyotes zone.
4:22 of 1st period - Tyler Seguin is hit by Peyton Krebs.
5:42 of 1st period - Dominik Kubalik is hit by Erik Haula.
5:46 of 1st period - Mike Matheson is hit by Radko Gudas and loses puck.
6:46 of 1st period - Off-side.
6:47 of 1st period - Evan Polei wins face-off versus Ross Colton in neutral zone.
7:38 of 1st period - Noah Dobson is hit by Claude Giroux and loses puck.
7:43 of 1st period - Snap shot by Mats Zuccarello.
7:43 of 1st period - Shot Blocked by Kirby Dach.
7:45 of 1st period - Snap shot by Mats Zuccarello.
7:45 of 1st period - Stopped by John Gibson with a rebound.
7:47 of 1st period - Slapshot by Dmitry Orlov.
7:47 of 1st period - Stopped by John Gibson with a rebound.
8:05 of 1st period - Cooper Marody is hit by Brayden McNabb.
8:25 of 1st period - Snap shot by Erik Haula.
8:25 of 1st period - Stopped by John Gibson without a rebound.
8:26 of 1st period - Nicklas Backstrom wins face-off versus Claude Giroux in Los Angeles Kings zone.
8:31 of 1st period - Snap shot by Nicklas Backstrom.
8:31 of 1st period - Stopped by Elvis Merzlikins with a rebound.
8:33 of 1st period - Wrist shot by K'Andre Miller.
8:33 of 1st period - Shot Blocked by Mathew Dumba.
8:35 of 1st period - Snap shot by Andrei Svechnikov.
8:35 of 1st period - Shot Misses the Net.
9:02 of 1st period - Slapshot by Ilya Mikheyev.
9:02 of 1st period - Shot Blocked by Erik Brannstrom.
9:16 of 1st period - Wrist shot by Dominik Kubalik.
9:16 of 1st period - Shot Misses the Net.
9:18 of 1st period - Slapshot by Mike Matheson.
9:18 of 1st period - Shot Misses the Net.
9:56 of 1st period - Brayden McNabb is hit by Andrei Svechnikov and loses puck.
10:21 of 1st period - Ilya Mikheyev is hit by Rasmus Sandin and loses puck.
10:32 of 1st period - Snap shot by Ondrej Palat.
10:32 of 1st period - Shot Misses the Net.
11:34 of 1st period - Snap shot by Andrei Svechnikov.
11:34 of 1st period - Stopped by Elvis Merzlikins with a rebound.
11:36 of 1st period - Snap shot by Andrei Svechnikov.
11:36 of 1st period - Stopped by Elvis Merzlikins without a rebound.
11:37 of 1st period - Claude Giroux wins face-off versus Peyton Krebs in Arizona Coyotes zone.
11:59 of 1st period - Minor Penalty to Jani Hakanpaa for Holding.
12:00 of 1st period - Claude Giroux wins face-off versus Seth Jarvis in Arizona Coyotes zone.
12:08 of 1st period - Icing by Seth Jarvis.
12:09 of 1st period - Claude Giroux wins face-off versus Seth Jarvis in Los Angeles Kings zone.
12:24 of 1st period - Snap shot by Mats Zuccarello.
12:24 of 1st period - Stopped by John Gibson without a rebound.
12:25 of 1st period - Seth Jarvis wins face-off versus Claude Giroux in Los Angeles Kings zone.
12:32 of 1st period - Snap shot by Dominik Kubalik.
12:32 of 1st period - Stopped by Elvis Merzlikins without a rebound.
12:33 of 1st period - Claude Giroux wins face-off versus Seth Jarvis in Arizona Coyotes zone.
13:34 of 1st period - Icing by Dominik Kubalik.
13:35 of 1st period - Claude Giroux wins face-off versus Seth Jarvis in Los Angeles Kings zone.
13:44 of 1st period - Snap shot by Nicklas Backstrom.
13:44 of 1st period - Shot Misses the Net.
13:46 of 1st period - Slapshot by Noah Dobson.
13:46 of 1st period - Shot Misses the Net.
13:48 of 1st period - Snap shot by Noah Dobson.
13:48 of 1st period - Deflect By Nicklas Backstrom.
13:48 of 1st period - Shot Blocked by Jared Spurgeon.
13:48 of 1st period - Puck is out of play.
13:49 of 1st period - Claude Giroux wins face-off versus Andrei Svechnikov in Arizona Coyotes zone.
13:53 of 1st period - Off-side.
13:54 of 1st period - Nicklas Backstrom wins face-off versus Claude Giroux in neutral zone.
13:59 of 1st period - Penalty to Jani Hakanpaa is over, Jani Hakanpaa is back on ice.
14:04 of 1st period - Icing by Jani Hakanpaa.
14:05 of 1st period - Claude Giroux wins face-off versus Seth Jarvis in Arizona Coyotes zone.
14:10 of 1st period - Mats Zuccarello is hit by Alexander Radulov and loses puck.
14:21 of 1st period - Snap shot by Mats Zuccarello.
14:21 of 1st period - Deflect By Claude Giroux.
14:21 of 1st period - Stopped by John Gibson without a rebound.
14:22 of 1st period - James van Riemsdyk wins face-off versus Peyton Krebs in Los Angeles Kings zone.
14:38 of 1st period - Slapshot by Erik Haula.
14:38 of 1st period - Shot Blocked by Noah Dobson.
14:52 of 1st period - Minor Penalty to Mathew Dumba for Interference.
14:53 of 1st period - Nicklas Backstrom wins face-off versus Claude Giroux in Arizona Coyotes zone.
14:57 of 1st period - Snap shot by Nicklas Backstrom.
14:57 of 1st period - Shot Misses the Net.
14:59 of 1st period - Slapshot by Mike Matheson.
14:59 of 1st period - Shot Misses the Net.
15:01 of 1st period - Snap shot by Kirby Dach.
15:01 of 1st period - Shot Blocked by Jared Spurgeon.
15:29 of 1st period - Slapshot by Dominik Kubalik.
15:29 of 1st period - Stopped by Elvis Merzlikins without a rebound.
15:30 of 1st period - Claude Giroux wins face-off versus Seth Jarvis in Arizona Coyotes zone.
16:52 of 1st period - Penalty to Mathew Dumba is over, Mathew Dumba is back on ice.
17:29 of 1st period - Slapshot by Cooper Marody.
17:29 of 1st period - Shot Misses the Net.
17:45 of 1st period - Wrist shot by Matthew Nieto.
17:45 of 1st period - Shot Misses the Net.
18:12 of 1st period - Off-side.
18:13 of 1st period - Ross Colton wins face-off versus Cooper Marody in neutral zone.
18:24 of 1st period - Wrist shot by Rocco Grimaldi.
18:24 of 1st period - Shot Misses the Net.
18:38 of 1st period - Dmitry Orlov is hit by Jakub Zboril.
18:58 of 1st period - Wrist shot by Ondrej Palat.
18:58 of 1st period - Shot Misses the Net.
19:38 of 1st period - Snap shot by Nicklas Backstrom.
19:38 of 1st period - Stopped by Elvis Merzlikins with a rebound.
19:40 of 1st period - Snap shot by Andrei Svechnikov.
19:40 of 1st period - Stopped by Elvis Merzlikins without a rebound.
19:41 of 1st period - Claude Giroux wins face-off versus Seth Jarvis in Arizona Coyotes zone.
19:52 of 1st period - Wrist shot by Dominik Kubalik.
19:52 of 1st period - Stopped by Elvis Merzlikins without a rebound.
19:53 of 1st period - Seth Jarvis wins face-off versus Claude Giroux in Arizona Coyotes zone.
19:54 of 1st period - Wrist shot by Alexander Radulov.
19:54 of 1st period - Stopped by Elvis Merzlikins without a rebound.
19:55 of 1st period - Seth Jarvis wins face-off versus Claude Giroux in Arizona Coyotes zone.
19:56 of 1st period - Wrist shot by Dominik Kubalik.
19:56 of 1st period - Shot Misses the Net.
Goals for this period are 0 for Los Angeles Kings vs 0 for Arizona Coyotes.
Shots for this period are 11 for Los Angeles Kings vs 5 for Arizona Coyotes.
2nd period
0:01 of 2nd period - Claude Giroux wins face-off versus Seth Jarvis in neutral zone.
0:04 of 2nd period - Noah Dobson is hit by Jared Spurgeon and loses puck.
0:26 of 2nd period - Backhand shot by James van Riemsdyk.
0:26 of 2nd period - Shot Misses the Net.
0:28 of 2nd period - Slapshot by Dmitry Orlov.
0:28 of 2nd period - Stopped by John Gibson with a rebound.
0:30 of 2nd period - Backhand shot by Dmitry Orlov.
0:30 of 2nd period - Shot Misses the Net.
0:32 of 2nd period - Slapshot by Brayden McNabb.
0:32 of 2nd period - Deflect By Erik Haula.
0:32 of 2nd period - Goal by Erik Haula - Los Angeles Kings : 0 - Arizona Coyotes : 1.
0:33 of 2nd period - Claude Giroux wins face-off versus Peyton Krebs in neutral zone.
1:00 of 2nd period - Ilya Mikheyev is hit by Mike Matheson and loses puck.
1:25 of 2nd period - Snap shot by Andrei Svechnikov.
1:25 of 2nd period - Shot Blocked by Brayden McNabb.
3:05 of 2nd period - Nicklas Backstrom is hit by James van Riemsdyk and loses puck.
3:24 of 2nd period - Slapshot by Ryan Reaves.
3:24 of 2nd period - Shot Misses the Net.
3:37 of 2nd period - Off-side.
3:38 of 2nd period - Seth Jarvis wins face-off versus Claude Giroux in neutral zone.
3:41 of 2nd period - Slapshot by Alexander Radulov.
3:41 of 2nd period - Shot Misses the Net.
3:43 of 2nd period - Snap shot by Seth Jarvis.
3:43 of 2nd period - Los Angeles Kings goal is going for a video replay.
3:43 of 2nd period - The goal is good.
3:43 of 2nd period - Goal by Seth Jarvis - Los Angeles Kings : 1 - Arizona Coyotes : 1.
3:44 of 2nd period - Seth Jarvis wins face-off versus Claude Giroux in neutral zone.
4:09 of 2nd period - Ryan Reaves is hit by Ondrej Palat and loses puck.
4:20 of 2nd period - Backhand shot by Ondrej Palat.
4:20 of 2nd period - Stopped by John Gibson with a rebound.
4:51 of 2nd period - Slapshot by Dmitry Orlov.
4:51 of 2nd period - Stopped by John Gibson with a rebound.
4:53 of 2nd period - Snap shot by Rocco Grimaldi.
4:53 of 2nd period - Shot Misses the Net.
4:55 of 2nd period - Snap shot by Dmitry Orlov.
4:55 of 2nd period - Shot Blocked by Erik Brannstrom.
5:31 of 2nd period - Ryan Reaves is hit by Ilya Mikheyev and loses puck.
5:59 of 2nd period - Mathew Dumba is hit by Andrei Svechnikov and loses puck.
6:23 of 2nd period - Wrist shot by Claude Giroux.
6:23 of 2nd period - Stopped by John Gibson without a rebound.
6:24 of 2nd period - Seth Jarvis wins face-off versus Claude Giroux in Los Angeles Kings zone.
6:33 of 2nd period - Snap shot by Seth Jarvis.
6:33 of 2nd period - Stopped by Elvis Merzlikins with a rebound.
6:39 of 2nd period - Wrist shot by Claude Giroux.
6:39 of 2nd period - Stopped by John Gibson with a rebound.
6:41 of 2nd period - Slapshot by Brayden McNabb.
6:41 of 2nd period - Stopped by John Gibson without a rebound.
6:42 of 2nd period - Tyler Seguin wins face-off versus Peyton Krebs in Los Angeles Kings zone.
6:50 of 2nd period - Off-side.
6:51 of 2nd period - Tyler Seguin wins face-off versus Peyton Krebs in neutral zone.
7:04 of 2nd period - Wrist shot by Ondrej Palat.
7:04 of 2nd period - Goal by Ondrej Palat - Los Angeles Kings : 1 - Arizona Coyotes : 2.
7:05 of 2nd period - Claude Giroux wins face-off versus Nicklas Backstrom in neutral zone.
7:22 of 2nd period - Snap shot by Claude Giroux.
7:22 of 2nd period - Stopped by John Gibson with a rebound.
7:44 of 2nd period - Wrist shot by Ondrej Palat.
7:44 of 2nd period - Shot Blocked by Dominik Kubalik.
7:52 of 2nd period - Minor Penalty to Alexander Radulov for Hooking.
7:53 of 2nd period - Claude Giroux wins face-off versus Andrei Svechnikov in Los Angeles Kings zone.
7:58 of 2nd period - Wrist shot by Claude Giroux.
7:58 of 2nd period - Shot Misses the Net.
8:00 of 2nd period - Wrist shot by Claude Giroux.
8:00 of 2nd period - Shot Misses the Net.
8:02 of 2nd period - Wrist shot by Dmitry Orlov.
8:02 of 2nd period - Deflect By Claude Giroux.
8:02 of 2nd period - Shot Hit the Post.
8:02 of 2nd period - Puck is out of play.
8:03 of 2nd period - Andrei Svechnikov wins face-off versus Claude Giroux in Los Angeles Kings zone.
8:16 of 2nd period - Erik Brannstrom is hit by Charlie Coyle and loses puck.
8:45 of 2nd period - Snap shot by Mats Zuccarello.
8:45 of 2nd period - Goal by Mats Zuccarello - Los Angeles Kings : 1 - Arizona Coyotes : 3.
8:46 of 2nd period - Peyton Krebs wins face-off versus Tyler Seguin in neutral zone.
8:49 of 2nd period - Slapshot by K'Andre Miller.
8:49 of 2nd period - Stopped by Elvis Merzlikins without a rebound.
8:50 of 2nd period - Peyton Krebs wins face-off versus Tyler Seguin in Arizona Coyotes zone.
9:11 of 2nd period - Ilya Mikheyev is hit by Ryan Reaves and loses puck.
9:20 of 2nd period - Snap shot by Peyton Krebs.
9:20 of 2nd period - Stopped by Elvis Merzlikins with a rebound.
9:22 of 2nd period - Wrist shot by Noah Dobson.
9:22 of 2nd period - Stopped by Elvis Merzlikins without a rebound.
9:23 of 2nd period - Claude Giroux wins face-off versus Nicklas Backstrom in Arizona Coyotes zone.
9:23 of 2nd period - Claude Giroux is hit by Nicklas Backstrom.
9:31 of 2nd period - Andrei Svechnikov is hit by Charlie Coyle and loses puck.
9:32 of 2nd period - Andrei Svechnikov from Los Angeles Kings is injured at 9:32 of 2nd period (Right Foot).
9:33 of 2nd period - Claude Giroux wins face-off versus Seth Jarvis in Los Angeles Kings zone.
10:27 of 2nd period - Slapshot by Tyler Gaudet.
10:27 of 2nd period - Stopped by Elvis Merzlikins with a rebound.
10:29 of 2nd period - Snap shot by Ryan Reaves.
10:29 of 2nd period - Shot Misses the Net.
10:31 of 2nd period - Snap shot by Peyton Krebs.
10:31 of 2nd period - Shot Misses the Net.
10:33 of 2nd period - Snap shot by Tyler Gaudet.
10:33 of 2nd period - Deflect By Peyton Krebs.
10:33 of 2nd period - Shot Misses the Net.
10:33 of 2nd period - Puck is out of play.
10:34 of 2nd period - Nicklas Backstrom wins face-off versus Claude Giroux in Arizona Coyotes zone.
12:11 of 2nd period - Jakub Zboril is hit by Radko Gudas and loses puck.
12:46 of 2nd period - Wrist shot by Rocco Grimaldi.
12:46 of 2nd period - Shot Misses the Net.
12:48 of 2nd period - Slapshot by Ross Colton.
12:48 of 2nd period - Shot Misses the Net.
12:50 of 2nd period - Wrist shot by Rocco Grimaldi.
12:50 of 2nd period - Shot Misses the Net.
12:52 of 2nd period - Slapshot by Ross Colton.
12:52 of 2nd period - Shot Hit the Post.
12:54 of 2nd period - Wrist shot by Radko Gudas.
12:54 of 2nd period - Stopped by John Gibson without a rebound.
12:55 of 2nd period - Charlie Coyle wins face-off versus Dominik Kubalik in Los Angeles Kings zone.
13:02 of 2nd period - Slapshot by Claude Giroux.
13:02 of 2nd period - Shot Misses the Net.
13:08 of 2nd period - Slapshot by Mike Matheson.
13:08 of 2nd period - Stopped by Elvis Merzlikins without a rebound.
13:09 of 2nd period - Mats Zuccarello wins face-off versus Evan Polei in Arizona Coyotes zone.
13:41 of 2nd period - Snap shot by Tyler Seguin.
13:41 of 2nd period - Stopped by John Gibson without a rebound.
13:42 of 2nd period - Tyler Seguin wins face-off versus Tyler Gaudet in Los Angeles Kings zone.
14:20 of 2nd period - Snap shot by Peyton Krebs.
14:20 of 2nd period - Stopped by Elvis Merzlikins with a rebound.
14:22 of 2nd period - Snap shot by Ryan Reaves.
14:22 of 2nd period - Stopped by Elvis Merzlikins with a rebound.
14:24 of 2nd period - Wrist shot by Ryan Reaves.
14:24 of 2nd period - Stopped by Elvis Merzlikins without a rebound.
14:25 of 2nd period - Claude Giroux wins face-off versus Seth Jarvis in Arizona Coyotes zone.
15:20 of 2nd period - Backhand shot by James van Riemsdyk.
15:20 of 2nd period - Stopped by John Gibson with a rebound.
15:38 of 2nd period - Wrist shot by Peyton Krebs.
15:38 of 2nd period - Shot Misses the Net.
15:44 of 2nd period - Slapshot by Brayden McNabb.
15:44 of 2nd period - Shot Misses the Net.
15:53 of 2nd period - Off-side.
15:54 of 2nd period - Nicklas Backstrom wins face-off versus Claude Giroux in neutral zone.
16:48 of 2nd period - Snap shot by Radko Gudas.
16:48 of 2nd period - Stopped by John Gibson without a rebound.
16:49 of 2nd period - Seth Jarvis wins face-off versus Claude Giroux in Los Angeles Kings zone.
16:58 of 2nd period - Slapshot by Claude Giroux.
16:58 of 2nd period - Deflect By Mats Zuccarello.
16:58 of 2nd period - Stopped by John Gibson without a rebound.
16:59 of 2nd period - Seth Jarvis wins face-off versus Claude Giroux in Los Angeles Kings zone.
17:14 of 2nd period - Slapshot by Mats Zuccarello.
17:14 of 2nd period - Stopped by John Gibson without a rebound.
17:15 of 2nd period - Nicklas Backstrom wins face-off versus Tyler Seguin in Los Angeles Kings zone.
17:20 of 2nd period - Erik Brannstrom is hit by Ilya Mikheyev and loses puck.
17:45 of 2nd period - Seth Jarvis is hit by Claude Giroux and loses puck.
18:11 of 2nd period - Wrist shot by Tyler Gaudet.
18:11 of 2nd period - Stopped by Elvis Merzlikins without a rebound.
18:12 of 2nd period - Claude Giroux wins face-off versus Nicklas Backstrom in Arizona Coyotes zone.
18:17 of 2nd period - Slapshot by Jared Spurgeon.
18:17 of 2nd period - Shot Blocked by Rasmus Sandin.
18:19 of 2nd period - Snap shot by Mats Zuccarello.
18:19 of 2nd period - Stopped by John Gibson with a rebound.
18:21 of 2nd period - Snap shot by Charlie Coyle.
18:21 of 2nd period - Shot Misses the Net.
18:23 of 2nd period - Snap shot by Mats Zuccarello.
18:23 of 2nd period - Shot Blocked by Jakub Zboril.
18:25 of 2nd period - Snap shot by Claude Giroux.
18:25 of 2nd period - Stopped by John Gibson with a rebound.
18:27 of 2nd period - Slapshot by Mathew Dumba.
18:27 of 2nd period - Shot Misses the Net.
18:29 of 2nd period - Wrist shot by Charlie Coyle.
18:29 of 2nd period - Stopped by John Gibson without a rebound.
18:30 of 2nd period - Ondrej Palat wins face-off versus Seth Jarvis in Los Angeles Kings zone.
18:39 of 2nd period - Snap shot by Ondrej Palat.
18:39 of 2nd period - Stopped by John Gibson without a rebound.
18:40 of 2nd period - Tyler Seguin wins face-off versus Seth Jarvis in Los Angeles Kings zone.
18:44 of 2nd period - Minor Penalty to Alexander Radulov for Roughing.
18:45 of 2nd period - Ryan Reaves wins face-off versus Claude Giroux in Los Angeles Kings zone.
19:01 of 2nd period - Snap shot by Kirby Dach.
19:01 of 2nd period - Shot Blocked by Jared Spurgeon.
19:17 of 2nd period - Slapshot by Erik Brannstrom.
19:17 of 2nd period - Deflect By Jared Spurgeon.
19:17 of 2nd period - Stopped by Elvis Merzlikins with a rebound.
Goals for this period are 1 for Los Angeles Kings vs 3 for Arizona Coyotes.
Shots for this period are 12 for Los Angeles Kings vs 20 for Arizona Coyotes.
3rd period
0:01 of 3rd period - Kirby Dach wins face-off versus Claude Giroux in neutral zone.
0:06 of 3rd period - Snap shot by Kirby Dach.
0:06 of 3rd period - Shot Misses the Net.
0:16 of 3rd period - Wrist shot by Claude Giroux.
0:16 of 3rd period - Shot Misses the Net.
0:44 of 3rd period - Penalty to Alexander Radulov is over, Alexander Radulov is back on ice.
1:23 of 3rd period - Wrist shot by Nicklas Backstrom.
1:23 of 3rd period - Deflect By Ryan Reaves.
1:23 of 3rd period - Shot Hit the Post.
1:23 of 3rd period - Puck is out of play.
1:24 of 3rd period - Cooper Marody wins face-off versus Tyler Seguin in Arizona Coyotes zone.
1:25 of 3rd period - Slapshot by Noah Dobson.
1:25 of 3rd period - Shot Blocked by Dmitry Orlov.
1:27 of 3rd period - Snap shot by Cooper Marody.
1:27 of 3rd period - Shot Misses the Net.
1:29 of 3rd period - Slapshot by Cooper Marody.
1:29 of 3rd period - Shot Blocked by Ilya Mikheyev.
1:31 of 3rd period - Wrist shot by K'Andre Miller.
1:31 of 3rd period - Shot Blocked by Brayden McNabb.
2:32 of 3rd period - Snap shot by Tyler Gaudet.
2:32 of 3rd period - Shot Misses the Net.
2:34 of 3rd period - Minor Penalty to Ilya Mikheyev for Holding.
2:35 of 3rd period - Nicklas Backstrom wins face-off versus Claude Giroux in Arizona Coyotes zone.
4:34 of 3rd period - Penalty to Ilya Mikheyev is over, Ilya Mikheyev is back on ice.
4:48 of 3rd period - Wrist shot by Ilya Mikheyev.
4:48 of 3rd period - Shot Misses the Net.
4:50 of 3rd period - Snap shot by Mathew Dumba.
4:50 of 3rd period - Shot Blocked by Cooper Marody.
5:00 of 3rd period - Jani Hakanpaa is hit by Tyler Gaudet and loses puck.
7:08 of 3rd period - Icing by Rocco Grimaldi.
7:09 of 3rd period - Ross Colton wins face-off versus Peyton Krebs in Arizona Coyotes zone.
7:36 of 3rd period - Wrist shot by Tyler Seguin.
7:36 of 3rd period - Shot Blocked by Rasmus Sandin.
8:04 of 3rd period - Wrist shot by Cooper Marody.
8:04 of 3rd period - Stopped by Elvis Merzlikins without a rebound.
8:05 of 3rd period - Cooper Marody wins face-off versus Ross Colton in Arizona Coyotes zone.
8:10 of 3rd period - Slapshot by Noah Dobson.
8:10 of 3rd period - Stopped by Elvis Merzlikins with a rebound.
8:12 of 3rd period - Wrist shot by Vitaly Kravtsov.
8:12 of 3rd period - Stopped by Elvis Merzlikins without a rebound.
8:13 of 3rd period - Claude Giroux wins face-off versus Dominik Kubalik in Arizona Coyotes zone.
8:13 of 3rd period - Claude Giroux is hit by Seth Jarvis.
8:25 of 3rd period - Snap shot by Claude Giroux.
8:25 of 3rd period - Stopped by John Gibson with a rebound.
9:04 of 3rd period - Jared Spurgeon is hit by Mike Matheson and loses puck.
10:23 of 3rd period - Cooper Marody is hit by Tanner Jeannot and loses puck.
11:04 of 3rd period - Slapshot by Ross Colton.
11:04 of 3rd period - Stopped by John Gibson without a rebound.
11:05 of 3rd period - Charlie Coyle wins face-off versus Seth Jarvis in Los Angeles Kings zone.
11:16 of 3rd period - Wrist shot by Claude Giroux.
11:16 of 3rd period - Goal by Claude Giroux - Los Angeles Kings : 1 - Arizona Coyotes : 4.
11:17 of 3rd period - Claude Giroux wins face-off versus Nicklas Backstrom in neutral zone.
11:22 of 3rd period - Backhand shot by Claude Giroux.
11:22 of 3rd period - Shot Misses the Net.
11:30 of 3rd period - Jared Spurgeon is hit by Kirby Dach.
11:42 of 3rd period - Dominik Kubalik is hit by Mathew Dumba and loses puck.
11:49 of 3rd period - Slapshot by Ilya Mikheyev.
11:49 of 3rd period - Shot Blocked by Noah Dobson.
12:27 of 3rd period - Snap shot by Nicklas Backstrom.
12:27 of 3rd period - Stopped by Elvis Merzlikins with a rebound.
12:29 of 3rd period - Wrist shot by Noah Dobson.
12:29 of 3rd period - Deflect By Matthew Nieto.
12:29 of 3rd period - Stopped by Elvis Merzlikins without a rebound.
12:30 of 3rd period - Claude Giroux wins face-off versus Seth Jarvis in Arizona Coyotes zone.
12:36 of 3rd period - Off-side.
12:37 of 3rd period - Claude Giroux wins face-off versus Seth Jarvis in neutral zone.
13:26 of 3rd period - Snap shot by Peyton Krebs.
13:26 of 3rd period - Stopped by Elvis Merzlikins with a rebound.
13:28 of 3rd period - Slapshot by Erik Brannstrom.
13:28 of 3rd period - Deflect By Ryan Reaves.
13:28 of 3rd period - Shot Misses the Net.
13:28 of 3rd period - Puck is out of play.
13:29 of 3rd period - Peyton Krebs wins face-off versus Claude Giroux in Arizona Coyotes zone.
14:18 of 3rd period - Snap shot by Peyton Krebs.
14:18 of 3rd period - Stopped by Elvis Merzlikins without a rebound.
14:19 of 3rd period - Claude Giroux wins face-off versus Seth Jarvis in Arizona Coyotes zone.
14:24 of 3rd period - Wrist shot by Charlie Coyle.
14:24 of 3rd period - Stopped by John Gibson without a rebound.
14:25 of 3rd period - Claude Giroux wins face-off versus Seth Jarvis in Los Angeles Kings zone.
14:26 of 3rd period - Slapshot by Mats Zuccarello.
14:26 of 3rd period - Shot Misses the Net.
14:28 of 3rd period - Slapshot by Mathew Dumba.
14:28 of 3rd period - Stopped by John Gibson without a rebound.
14:29 of 3rd period - Seth Jarvis wins face-off versus Claude Giroux in Los Angeles Kings zone.
14:29 of 3rd period - Seth Jarvis is hit by Mats Zuccarello.
14:36 of 3rd period - Minor Penalty to Mathew Dumba for Interference.
14:37 of 3rd period - Nicklas Backstrom wins face-off versus Claude Giroux in Arizona Coyotes zone.
14:39 of 3rd period - Snap shot by Kirby Dach.
14:39 of 3rd period - Shot Blocked by Jani Hakanpaa.
15:54 of 3rd period - Mike Matheson is hit by Claude Giroux and loses puck.
16:12 of 3rd period - Jared Spurgeon is hit by Evan Polei and loses puck.
16:36 of 3rd period - Penalty to Mathew Dumba is over, Mathew Dumba is back on ice.
17:12 of 3rd period - Minor Penalty to Cooper Marody for Holding.
17:13 of 3rd period - Kirby Dach wins face-off versus Claude Giroux in Los Angeles Kings zone.
19:12 of 3rd period - Penalty to Cooper Marody is over, Cooper Marody is back on ice.
19:46 of 3rd period - Mike Matheson is hit by Erik Haula.
Goals for this period are 0 for Los Angeles Kings vs 1 for Arizona Coyotes.
Shots for this period are 7 for Los Angeles Kings vs 5 for Arizona Coyotes.
Back to the Top